 Dungeon Crawl Stone Soup version 0.27-a0-277-g024f7ef292 (webtiles) character file.

Game seed: 16648516869491044833

25 skwiii the Stinger (level 3, -3/26 HPs)
             Began as a Ghoul Venom Mage on Feb 7, 2021.
             Killed from afar by a dart slug (8 damage)
             ... with a slug dart
             ... on level 1 of the Dungeon.
             The game lasted 00:03:40 (1111 turns).

skwiii the Stinger (Ghoul Venom Mage)               Turns: 1111, Time: 00:03:41

Health: -3/26      AC:  2    Str: 11    XL:     3   Next: 4%
Magic:  1/5        EV: 12    Int: 11    God:
Gold:   30         SH:  0    Dex:  9    Spells: 5/6 levels left

rFire    . . .     SeeInvis .     - Unarmed
rCold    + . .     Faith    .   (no shield)
rNeg     + + +     Spirit   .   a - +0 robe
rPois    ∞         Reflect  .   (no helmet)
rElec    .         Harm     .   (no cloak)
rCorr    .         Rampage  .   (no gloves)
Will     .....                  (no boots)
Stlth    ++........             (no amulet)
HPRegen  0.00/turn              (no ring)
MPRegen  0.09/turn              (no ring)

@: no status effects
A: claws 1, cold resistance 1, negative energy resistance 3, inhibited
regeneration, torment resistance, unbreathing
a: no special abilities


You were on level 1 of the Dungeon.
You visited 1 branch of the dungeon, and saw 1 of its levels.

You collected 30 gold pieces.

Inventory:

Armour
 a - a +0 robe (worn)
Scrolls
 d - a scroll of blinking {unknown}
 e - a scroll of remove curse {unknown}
Potions
 b - a potion of curing {unknown}
 c - a potion of flight {unknown}
 f - a potion of degeneration {unknown}


   Skills:
 + Level 0.1 Fighting
 - Level 1.7 Dodging
 - Level 2.1 Stealth
 - Level 1.0 Unarmed Combat
 + Level 2.1 Spellcasting
 - Level 0.8 Transmutations
 + Level 3.5 Poison Magic


You had 5 spell levels left.
You knew the following spells:

 Your Spells              Type           Power        Failure   Level
a - Sting                 Tmut/Pois      24%          12%         1

Your spell library contained the following spells:

 Spells                   Type           Power        Failure   Level
 Poisonous Vapours        Pois/Air       10%          22%         2
 Ignite Poison            Fire/Tmut/Pois 4%           43%         3
 Mephitic Cloud           Conj/Pois/Air  3%           47%         3
 Olgreb's Toxic Radiance  Pois           9%           54%         4


Dungeon Overview and Level Annotations

Branches:
Dungeon (1/15)

Altars:


Innate Abilities, Weirdness & Mutations

You thrive by killing the living.
You are immune to poison.
You have sharp fingernails.
Your flesh is cold resistant. (rC+)
You are immune to negative energy. (rN+++)
You do not regenerate when monsters are visible.
You are immune to unholy pain and torment.
You can survive without breathing.


Message History

The goblin barely misses you.
You see here a ring mail.
The dart slug launches a dart at you. The slug dart hits you.
* * * LOW HITPOINT WARNING * * *
The goblin hits you.
* * * LOW HITPOINT WARNING * * *
You see here a rat corpse.
You see here a jackal corpse.
Aiming: Sting (safe; 12% risk of failure)
Press: ? - help, Q - select action Shift-Dir - straight line, f - goblin
Aim: a goblin (40% to evade)
The sting hits the goblin.
The goblin is poisoned.
The goblin is heavily wounded.
The goblin closely misses you.
You kill the goblin!
You feel better. The dart slug launches a dart at you. The slug dart hits you!
You die...

############ #.#
#......### #..........#
#.# #......##.
#..........# #.#
#......##. #..........#
#.###############.
...........#
#>..g.............
#......$...#
#.##############..
........†.[# #.# #..
...........###.########
#..
.........†w††.@........
#..
...........###.........
..... ...........#
#......... #.###.
#..........# ##########
# #. ############ ###.
#..... ###### ...
###########
#############


You could see a dart slug.

Vanquished Creatures
  A giant cockroach (D:1)
  8 goblins (D:1)
  2 hobgoblins (D:1)
  4 jackals (D:1)
  2 bats (D:1)
  2 frilled lizards (D:1)
  2 kobolds (D:1)
  3 rats (D:1)
24 creatures vanquished.

Notes
Turn   | Place    | Note
-------+----------+-------------------------------------------
     0 | D:1      | skwiii the Ghoul Venom Mage began the quest for the Orb.
     0 | D:1      | Reached XP level 1. HP: 14/14 MP: 2/2
   316 | D:1      | Reached skill level 1 in Unarmed Combat
   316 | D:1      | Reached XP level 2. HP: 20/20 MP: 3/3
  1097 | D:1      | Reached XP level 3. HP: 10/26 MP: 1/5
  1107 | D:1      | HP: 1/26 [goblin (2)]
  1111 | D:1      | Killed from afar by a dart slug

Illustrated notes

Levels and vault maps discovered:
D:1:      dpeg_arrival_signposts, layout_basic

Skill      XL: |  1  2 |
---------------+-------+-----
Unarmed Combat | 1 |  1.0
Spellcasting   | 2 |  2.1
Fighting       | |  0.1
Dodging        | |  1.7
Stealth        | |  2.1
Transmutations | |  0.8
Poison Magic   | |  3.5

Action                   || total
-------------------------++-------
Melee: Unarmed           ||    62
 Cast: Sting             ||    21
 Stab: Sleeping          ||     2
Armor: Robe              ||     9
Dodge: Dodged            ||    71

Table legend: (Time is in decaauts)
 A = Elapsed time spent in this place.
 B = Non-inter-level travel time spent in this place.
 C = Inter-level travel time spent in this place.
 D = Time resting spent in this place.
 E = Time spent auto-exploring this place.
 F = Levels seen in this place.
 G = Mean time per level.
                   A        B        C        D        E       F      G
               +--------+--------+--------+--------+--------+-----+--------+
         Total |   1110 |   1110 |      0 |    246 |    572 |   1 | 1110.0 |
       Dungeon |   1110 |   1110 |      0 |    246 |    572 |   1 | 1110.0 |
               +--------+--------+--------+--------+--------+-----+--------+

Top non-repeatable levels by time:
     D:1: 1110 daAuts
